[ AOE2 MATCH · #478517489 ]
UnrankedMongols vs Berbers
[ REPLAY ANALYSIS · EXTRACTED FROM THE RECORDED GAME ]
Feudal
11:33
Castle
29:06
Imperial
68:50
| APM avg | 79.9 |
| APM peak | 162 |
| eAPM avg | 44.3 |
| Villagers / military | 317 / 1569 |
Focus
⚔️ 38.8% · 🌾 61.2%
Steppe Lancer ×552 · Skirmisher ×384 · Scout Cavalry ×343 · Camel Scout ×153 · Spearman ×121 · Trade Cart ×65
Feudal
—
Castle
—
Imperial
—
| APM avg | 54.0 |
| APM peak | 92 |
| eAPM avg | 33.8 |
| Villagers / military | 491 / 1107 |
Focus
⚔️ 31.2% · 🌾 68.8%
Fire Lancer ×269 · Scout Cavalry ×265 · Trade Cart ×249 · Spearman ×169 · Militia ×142 · Chu Ko Nu ×130
Feudal
14:16
Castle
17:51
Imperial
36:40
| APM avg | 29.5 |
| APM peak | 79 |
| eAPM avg | 20.4 |
| Villagers / military | 748 / 1431 |
Focus
⚔️ 32.7% · 🌾 67.3%
Scout Cavalry ×1040 · Knight ×262 · Hand Cannoneer ×56 · Trade Cart ×44 · Trebuchet (Packed) ×22 · Scorpion ×19
Feudal
12:55
Castle
22:48
Imperial
48:32
| APM avg | 23.8 |
| APM peak | 60 |
| eAPM avg | 19.7 |
| Villagers / military | 200 / 1676 |
Focus
⚔️ 62.2% · 🌾 37.8%
Scout Cavalry ×704 · Skirmisher ×493 · Knight ×363 · Trade Cart ×83 · Battering Ram ×38 · Serjeant ×30
Feudal
13:54
Castle
27:22
Imperial
54:08
| APM avg | 31.4 |
| APM peak | 63 |
| eAPM avg | 25.1 |
| Villagers / military | 572 / 1946 |
Focus
⚔️ 34.9% · 🌾 65.1%
Spearman ×1387 · Skirmisher ×273 · Scout Cavalry ×262 · Unknown (1952) ×167 · Trade Cart ×42 · Archer ×13
Feudal
13:09
Castle
26:27
Imperial
41:24
| APM avg | 49.6 |
| APM peak | 118 |
| eAPM avg | 25.0 |
| Villagers / military | 268 / 1294 |
Focus
⚔️ 33.3% · 🌾 66.7%
Spearman ×426 · Scout Cavalry ×277 · Samurai ×150 · Skirmisher ×145 · Cavalry Archer ×115 · Militia ×113
Feudal
12:39
Castle
26:46
Imperial
33:46
| APM avg | 45.4 |
| APM peak | 77 |
| eAPM avg | 33.7 |
| Villagers / military | 583 / 1860 |
Focus
⚔️ 40.9% · 🌾 59.1%
Spearman ×954 · Cataphract ×338 · Skirmisher ×187 · Camel Scout ×176 · Hand Cannoneer ×107 · Battering Ram ×67
Feudal
12:44
Castle
16:27
Imperial
58:43
| APM avg | 41.0 |
| APM peak | 96 |
| eAPM avg | 31.1 |
| Villagers / military | 819 / 1092 |
Focus
⚔️ 25.0% · 🌾 75.0%
Scout Cavalry ×424 · Archer ×277 · Skirmisher ×254 · War Wagon ×88 · Trade Cart ×34 · Trebuchet (Packed) ×14
Match map
Initial resources + every placement click. Lines = walls · curves = elevation contours. ◆ gold · ⬟ stone · ● berries · ✦ relic · ◌ wall gap
Your base· Open — unwalled flank
SimmaHem7912's base· Open — 8t gap
Jesus Omega's base· Open — unwalled flank
EXILE | Ivanistico's base· Open — 5t gap
TabA_ClémieDaQueen's base· Open — unwalled flank
天線小號's base· Open — 4t gap
bad-playah's base· Open — unwalled flank
Panchi's base· Open — unwalled flank
Smoothed initial terrain · ◌ = detected wall gap · hover for details
Inputs per minute
— ОТВАЛ huKM - - SimmaHem7912
Build order — ОТВАЛ huKM
First 150 of 1821 actions detected
| 0:20 | Build | Town Center |
| 0:24 | Build | House |
| 2:29 | Create | Villager (Male) |
| 2:29 | Create | Villager (Male) |
| 2:29 | Create | Villager (Male) |
| 2:30 | Create | Villager (Male) |
| 3:20 | Create | Villager (Male) |
| 3:46 | Create | Villager (Male) |
| 3:47 | Create | Villager (Male) |
| 3:48 | Build | House |
| 4:30 | Create | Villager (Male) |
| 4:48 | Create | Villager (Male) |
| 4:48 | Create | Villager (Male) |
| 4:49 | Create | Villager (Male) |
| 5:51 | Create | Villager (Male) |
| 5:52 | Create | Villager (Male) |
| 6:07 | Build | House |
| 6:15 | Build | Lumber Camp |
| 6:39 | Create | Villager (Male) |
| 7:04 | Create | Villager (Male) |
| 7:25 | Research | Loom |
| 8:01 | Create | Villager (Male) |
| 8:01 | Create | Villager (Male) |
| 8:33 | Build | Barracks |
| 8:44 | Create | Villager (Male) |
| 9:10 | Build | House |
| 9:23 | Research | Feudal Age |
| 10:31 | Build | Mining Camp |
| 11:21 | Create | Villager (Male) |
| 11:21 | Create | Villager (Male) |
| 11:33 | Age | Feudal Age |
| 12:02 | Build | Archery Range |
| 12:18 | Build | Palisade Wall |
| 12:25 | Create | Villager (Male) |
| 12:25 | Create | Villager (Male) |
| 12:25 | Create | Villager (Male) |
| 12:36 | Create | Spearman |
| 12:41 | Create | Archer |
| 12:46 | Build | Palisade Wall |
| 12:48 | Build | Palisade Wall |
| 12:59 | Build | House |
| 13:04 | Create | Villager (Male) |
| 13:18 | Create | Villager (Male) |
| 13:19 | Create | Archer |
| 13:29 | Research | Double-Bit Axe |
| 13:39 | Create | Spearman |
| 13:42 | Create | Villager (Male) |
| 13:55 | Create | Villager (Male) |
| 13:58 | Create | Archer |
| 14:06 | Build | House |
| 14:33 | Create | Villager (Male) |
| 14:38 | Create | Archer |
| 14:39 | Create | Archer |
| 14:57 | Create | Archer |
| 15:28 | Build | Blacksmith |
| 15:32 | Build | House |
| 15:37 | Create | Spearman |
| 15:47 | Create | Skirmisher |
| 16:08 | Create | Skirmisher |
| 16:10 | Create | Villager (Male) |
| 16:20 | Research | Fletching |
| 16:23 | Research | Padded Archer Armor |
| 16:42 | Build | House |
| 16:46 | Create | Villager (Male) |
| 16:55 | Create | Skirmisher |
| 17:00 | Create | Skirmisher |
| 17:09 | Build | Mill |
| 17:34 | Create | Villager (Male) |
| 17:35 | Create | Villager (Male) |
| 17:35 | Create | Skirmisher |
| 17:35 | Create | Skirmisher |
| 17:53 | Create | Archer |
| 18:14 | Create | Archer |
| 18:17 | Create | Archer |
| 18:30 | Create | Archer |
| 18:43 | Build | Archery Range |
| 18:50 | Create | Villager (Male) |
| 18:51 | Create | Villager (Male) |
| 18:54 | Build | House |
| 19:14 | Create | Villager (Male) |
| 19:15 | Create | Villager (Male) |
| 19:37 | Create | Archer |
| 19:48 | Create | Archer |
| 19:49 | Create | Archer |
| 19:52 | Create | Spearman |
| 19:52 | Create | Spearman |
| 19:52 | Create | Spearman |
| 20:21 | Build | House |
| 20:29 | Create | Archer |
| 20:30 | Create | Archer |
| 20:30 | Create | Archer |
| 20:31 | Create | Spearman |
| 20:31 | Create | Spearman |
| 20:31 | Create | Spearman |
| 20:51 | Create | Spearman |
| 20:51 | Create | Spearman |
| 21:36 | Create | Skirmisher |
| 21:36 | Create | Skirmisher |
| 21:49 | Create | Skirmisher |
| 21:49 | Create | Skirmisher |
| 21:49 | Create | Skirmisher |
| 22:10 | Create | Skirmisher |
| 22:11 | Create | Skirmisher |
| 22:56 | Create | Skirmisher |
| 22:56 | Create | Skirmisher |
| 23:11 | Create | Skirmisher |
| 23:21 | Build | Mill |
| 23:26 | Create | Skirmisher |
| 23:27 | Create | Skirmisher |
| 23:46 | Create | Skirmisher |
| 23:46 | Create | Skirmisher |
| 24:22 | Create | Skirmisher |
| 24:36 | Create | Skirmisher |
| 24:41 | Create | Skirmisher |
| 24:49 | Build | Market |
| 25:26 | Create | Skirmisher |
| 25:26 | Create | Skirmisher |
| 25:26 | Create | Skirmisher |
| 25:34 | Create | Villager (Male) |
| 25:36 | Create | Villager (Male) |
| 25:36 | Create | Villager (Male) |
| 26:22 | Research | Castle Age |
| 26:22 | Research | Castle Age |
| 26:26 | Research | Castle Age |
| 26:36 | Build | Stable |
| 26:39 | Create | Villager (Male) |
| 26:39 | Create | Villager (Male) |
| 26:49 | Build | Mill |
| 27:42 | Research | Scale Barding Armor |
| 28:32 | Build | Watch Tower |
| 29:06 | Age | Castle Age |
| 29:09 | Research | Elite Skirmisher (upgrade) |
| 29:09 | Research | Elite Skirmisher (upgrade) |
| 29:23 | Create | Steppe Lancer |
| 29:23 | Create | Steppe Lancer |
| 29:23 | Create | Steppe Lancer |
| 29:37 | Create | Villager (Male) |
| 29:44 | Create | Steppe Lancer |
| 30:17 | Research | Bodkin Arrow |
| 30:17 | Research | Bodkin Arrow |
| 30:17 | Research | Bodkin Arrow |
| 30:17 | Research | Bodkin Arrow |
| 30:18 | Research | Bodkin Arrow |
| 30:18 | Research | Bodkin Arrow |
| 30:23 | Create | Steppe Lancer |
| 30:47 | Build | House |
| 30:48 | Build | House |
| 30:52 | Create | Steppe Lancer |
| 30:57 | Build | House |
| 30:58 | Build | House |
Build order — SimmaHem7912
First 150 of 1274 actions detected
| 0:09 | Build | Town Center |
| 2:21 | Research | Loom |
| 2:50 | Create | Villager (Male) |
| 3:09 | Create | Villager (Male) |
| 3:36 | Create | Villager (Male) |
| 4:17 | Create | Villager (Male) |
| 4:26 | Build | Lumber Camp |
| 4:32 | Build | Lumber Camp |
| 4:32 | Build | Lumber Camp |
| 4:45 | Create | Villager (Male) |
| 4:46 | Create | Villager (Male) |
| 4:56 | Create | Villager (Male) |
| 5:20 | Create | Villager (Male) |
| 5:48 | Build | House |
| 6:24 | Create | Villager (Male) |
| 6:24 | Create | Villager (Male) |
| 6:24 | Create | Villager (Male) |
| 6:34 | Create | Villager (Male) |
| 6:34 | Create | Villager (Male) |
| 6:45 | Create | Villager (Male) |
| 6:45 | Create | Villager (Male) |
| 7:26 | Build | House |
| 7:28 | Build | House |
| 8:33 | Create | Villager (Male) |
| 8:38 | Build | Mill |
| 9:05 | Create | Villager (Male) |
| 9:53 | Create | Villager (Male) |
| 10:02 | Research | Feudal Age |
| 10:02 | Research | Feudal Age |
| 10:47 | Create | Villager (Male) |
| 11:00 | Build | Mining Camp |
| 11:02 | Create | Villager (Male) |
| 11:35 | Build | Lumber Camp |
| 11:43 | Create | Villager (Male) |
| 11:43 | Create | Villager (Male) |
| 12:42 | Build | House |
| 12:48 | Build | Market |
| 13:16 | Build | Blacksmith |
| 13:22 | Create | Villager (Male) |
| 13:35 | Research | Double-Bit Axe |
| 13:43 | Create | Villager (Male) |
| 14:09 | Research | Castle Age |
| 14:09 | Research | Castle Age |
| 14:29 | Build | Barracks |
| 14:58 | Research | Horse Collar |
| 15:25 | Build | Stable |
| 15:34 | Build | House |
| 15:35 | Build | House |
| 16:20 | Create | Scout Cavalry |
| 16:45 | Create | Villager (Male) |
| 17:02 | Research | Bow Saw |
| 17:08 | Build | Town Center |
| 17:16 | Create | Villager (Male) |
| 17:22 | Build | Town Center |
| 17:37 | Build | Siege Workshop |
| 17:39 | Create | Villager (Male) |
| 18:04 | Create | Villager (Male) |
| 18:09 | Create | Fire Lancer ×3 |
| 18:09 | Create | Fire Lancer ×3 |
| 18:16 | Create | Villager (Male) |
| 18:37 | Create | Villager (Male) |
| 18:40 | Create | Iron Pagoda |
| 18:40 | Create | Iron Pagoda |
| 18:43 | Build | House |
| 18:45 | Create | Villager (Male) |
| 18:59 | Create | Villager (Male) |
| 18:59 | Create | Villager (Male) |
| 19:20 | Create | Villager (Male) |
| 19:28 | Build | House |
| 19:46 | Create | Villager (Male) |
| 20:07 | Build | House |
| 20:07 | Build | House |
| 20:09 | Create | Villager (Male) |
| 20:24 | Create | Villager (Male) |
| 20:24 | Create | Villager (Male) |
| 20:24 | Create | Villager (Male) |
| 20:35 | Create | Fire Lancer ×5 |
| 20:35 | Create | Fire Lancer ×3 |
| 20:46 | Create | Battering Ram |
| 20:51 | Create | Villager (Male) |
| 20:52 | Create | Villager (Male) |
| 20:57 | Create | Villager (Male) |
| 21:38 | Build | House |
| 21:46 | Create | Villager (Male) |
| 21:46 | Create | Villager (Male) |
| 21:46 | Create | Villager (Male) |
| 21:54 | Research | Horse Collar |
| 21:54 | Research | Horse Collar |
| 21:56 | Create | Villager (Male) |
| 22:25 | Build | Barracks |
| 22:29 | Create | Villager (Male) |
| 22:30 | Create | Villager (Male) |
| 22:30 | Create | Villager (Male) |
| 22:36 | Build | Farm |
| 22:36 | Build | Farm |
| 22:36 | Build | Farm |
| 22:36 | Build | Farm |
| 22:36 | Build | Farm |
| 22:37 | Build | Farm |
| 22:40 | Research | Heavy Plow |
| 22:42 | Create | Villager (Male) |
| 23:00 | Create | Villager (Male) |
| 23:01 | Create | Villager (Male) |
| 23:01 | Create | Villager (Male) |
| 23:05 | Create | Villager (Male) |
| 23:12 | Build | Farm |
| 23:12 | Build | Farm |
| 23:12 | Build | Farm |
| 23:13 | Build | Farm |
| 23:13 | Build | Farm |
| 23:13 | Build | Farm |
| 23:13 | Build | Farm |
| 23:13 | Build | Farm |
| 23:14 | Build | Farm |
| 23:15 | Create | Villager (Male) |
| 23:26 | Create | Fire Lancer |
| 23:26 | Create | Fire Lancer |
| 23:26 | Create | Fire Lancer |
| 23:52 | Create | Iron Pagoda |
| 23:53 | Create | Villager (Male) |
| 23:53 | Create | Villager (Male) |
| 23:57 | Build | Farm |
| 23:57 | Build | Farm |
| 23:58 | Build | Farm |
| 23:58 | Build | Farm |
| 23:58 | Build | Farm |
| 23:59 | Build | Farm |
| 23:59 | Build | Farm |
| 23:59 | Build | Farm |
| 23:59 | Build | Farm |
| 24:00 | Build | Farm |
| 24:11 | Build | House |
| 24:11 | Build | House |
| 24:11 | Build | House |
| 24:12 | Build | House |
| 24:15 | Create | Villager (Male) |
| 24:16 | Create | Villager (Male) |
| 24:18 | Create | Villager (Male) |
| 24:30 | Create | Villager (Male) |
| 24:42 | Research | Wheelbarrow |
| 24:55 | Create | Villager (Male) |
| 25:00 | Build | Farm |
| 25:00 | Build | Farm |
| 25:00 | Build | Farm |
| 25:00 | Build | Farm |
| 25:09 | Create | Fire Lancer |
| 25:16 | Create | Villager (Male) |
| 25:16 | Create | Villager (Male) |
| 25:19 | Create | Villager (Male) |
| 25:20 | Create | Villager (Male) |
Build order — Jesus Omega
First 150 of 1301 actions detected
| 0:15 | Build | Town Center |
| 0:21 | Build | House |
| 2:26 | Create | Villager (Male) ×4 |
| 2:50 | Research | Loom |
| 2:52 | Create | Villager (Male) |
| 2:52 | Create | Villager (Male) |
| 2:52 | Create | Villager (Male) |
| 3:30 | Create | Villager (Male) |
| 4:39 | Create | Villager (Male) |
| 4:39 | Create | Villager (Male) |
| 4:46 | Build | House |
| 5:11 | Create | Villager (Male) |
| 5:35 | Build | Lumber Camp |
| 5:49 | Create | Villager (Male) |
| 5:49 | Create | Villager (Male) |
| 6:39 | Create | Villager (Male) |
| 6:39 | Create | Villager (Male) |
| 6:39 | Create | Villager (Male) |
| 7:12 | Build | House |
| 7:15 | Create | Villager (Male) |
| 7:16 | Create | Villager (Male) |
| 7:53 | Create | Villager (Male) |
| 7:53 | Create | Villager (Male) |
| 8:22 | Create | Villager (Male) |
| 8:33 | Build | House |
| 9:06 | Create | Villager (Male) |
| 9:34 | Build | Mill |
| 9:36 | Create | Villager (Male) |
| 9:37 | Create | Villager (Male) |
| 10:08 | Build | Mining Camp |
| 10:10 | Create | Villager (Male) |
| 10:44 | Create | Villager (Male) |
| 10:44 | Create | Villager (Male) |
| 10:47 | Create | Villager (Male) |
| 10:56 | Research | Feudal Age |
| 12:06 | Build | Barracks |
| 13:03 | Build | House |
| 13:06 | Build | Palisade Wall |
| 13:20 | Create | Villager (Male) |
| 13:20 | Create | Villager (Male) |
| 14:16 | Age | Feudal Age |
| 14:21 | Build | Blacksmith |
| 14:29 | Build | Stable |
| 15:11 | Research | Castle Age |
| 15:11 | Research | Castle Age |
| 15:26 | Build | Palisade Wall |
| 15:30 | Build | Palisade Wall |
| 15:41 | Create | Scout Cavalry |
| 15:59 | Build | Palisade Wall |
| 16:03 | Create | Villager (Male) |
| 16:04 | Research | Double-Bit Axe |
| 16:42 | Research | Scale Barding Armor |
| 16:44 | Create | Villager (Male) |
| 17:19 | Build | House |
| 17:51 | Age | Castle Age |
| 17:55 | Create | Knight |
| 17:57 | Research | Chain Barding Armor |
| 18:10 | Create | Villager (Male) |
| 18:13 | Build | Town Center |
| 18:25 | Create | Knight |
| 18:37 | Build | Town Center |
| 18:52 | Create | Knight |
| 18:54 | Create | Villager (Male) |
| 19:16 | Build | Farm |
| 19:17 | Build | Farm |
| 19:34 | Create | Villager (Male) |
| 19:53 | Create | Villager (Male) |
| 20:03 | Create | Knight |
| 20:04 | Create | Villager (Male) |
| 20:19 | Create | Villager (Male) |
| 20:40 | Create | Villager (Male) |
| 20:41 | Build | Farm |
| 20:42 | Build | Farm |
| 20:42 | Build | Farm |
| 20:42 | Build | Farm |
| 20:42 | Build | Farm |
| 20:52 | Create | Villager (Male) |
| 20:56 | Build | Siege Workshop |
| 21:00 | Create | Villager (Male) |
| 21:13 | Create | Villager (Male) |
| 21:25 | Create | Villager (Male) |
| 21:28 | Build | House |
| 21:44 | Create | Villager (Male) |
| 22:11 | Create | Villager (Male) |
| 22:12 | Create | Villager (Male) |
| 22:17 | Create | Villager (Male) |
| 22:18 | Create | Villager (Male) |
| 22:21 | Create | Knight |
| 22:21 | Create | Villager (Male) |
| 22:27 | Build | Farm |
| 22:27 | Build | Farm |
| 22:27 | Build | Farm |
| 22:28 | Build | Farm |
| 22:28 | Build | Farm |
| 22:50 | Create | Mangonel |
| 22:53 | Create | Villager (Male) |
| 22:57 | Build | House |
| 22:58 | Build | House |
| 22:58 | Build | House |
| 22:58 | Build | House |
| 23:11 | Research | Forging |
| 23:15 | Build | House |
| 23:16 | Build | House |
| 23:17 | Build | House |
| 23:17 | Build | House |
| 23:22 | Create | Villager (Male) |
| 23:22 | Create | Villager (Male) |
| 23:50 | Create | Villager (Male) |
| 23:50 | Create | Villager (Male) |
| 23:52 | Create | Villager (Male) |
| 23:52 | Create | Villager (Male) |
| 23:56 | Build | Farm |
| 23:56 | Build | Farm |
| 23:56 | Build | Farm |
| 24:05 | Create | Knight |
| 24:05 | Create | Knight |
| 24:19 | Create | Villager (Male) |
| 24:19 | Create | Villager (Male) |
| 24:32 | Build | Monastery |
| 24:34 | Create | Villager (Male) |
| 24:44 | Create | Villager (Male) |
| 24:47 | Research | Horse Collar |
| 25:01 | Build | Mining Camp |
| 25:03 | Create | Villager (Male) |
| 25:07 | Create | Villager (Male) |
| 25:08 | Create | Villager (Male) |
| 25:08 | Create | Villager (Male) |
| 25:16 | Create | Villager (Male) |
| 25:16 | Create | Villager (Male) |
| 25:34 | Create | Mangonel |
| 25:42 | Create | Villager (Male) |
| 25:42 | Create | Villager (Male) |
| 25:43 | Create | Villager (Male) |
| 25:43 | Create | Villager (Male) |
| 25:58 | Create | Monk |
| 25:59 | Create | Villager (Male) |
| 26:11 | Create | Villager (Male) |
| 26:11 | Create | Villager (Male) |
| 26:29 | Create | Villager (Male) |
| 26:34 | Build | Farm |
| 26:34 | Build | Farm |
| 26:35 | Build | Farm |
| 26:35 | Build | Farm |
| 26:35 | Build | Farm |
| 26:36 | Build | Farm |
| 26:39 | Research | Wheelbarrow |
| 26:42 | Create | Mangonel |
| 27:02 | Create | Villager (Male) |
| 27:03 | Create | Villager (Male) |
| 27:08 | Create | Villager (Male) |
Build order — EXILE | Ivanistico
First 150 of 1343 actions detected
| 0:51 | Build | House |
| 1:19 | Build | Town Center |
| 3:15 | Create | Villager (Male) |
| 3:17 | Create | Villager (Male) |
| 3:18 | Create | Villager (Male) |
| 3:18 | Create | Villager (Male) |
| 4:06 | Create | Villager (Male) |
| 4:47 | Create | Villager (Male) |
| 5:03 | Build | House |
| 5:07 | Build | Lumber Camp |
| 5:47 | Create | Villager (Male) |
| 5:48 | Create | Villager (Male) |
| 5:48 | Create | Villager (Male) ×2 |
| 6:54 | Create | Villager (Male) |
| 6:54 | Create | Villager (Male) |
| 6:55 | Create | Villager (Male) |
| 7:13 | Create | Villager (Male) |
| 7:34 | Create | Villager (Male) |
| 7:52 | Build | House |
| 8:26 | Research | Loom |
| 9:16 | Create | Villager (Male) |
| 10:04 | Create | Villager (Male) |
| 10:11 | Build | Mill |
| 10:45 | Research | Feudal Age |
| 11:01 | Build | Barracks |
| 11:04 | Build | House |
| 12:07 | Build | Palisade Wall |
| 12:14 | Create | Villager (Male) |
| 12:48 | Build | Palisade Wall |
| 12:55 | Age | Feudal Age |
| 12:56 | Build | Stable |
| 12:59 | Create | Villager (Male) |
| 13:02 | Research | Double-Bit Axe |
| 13:04 | Build | House |
| 13:08 | Build | House |
| 13:17 | Build | Palisade Gate |
| 13:22 | Build | Palisade Wall |
| 13:30 | Create | Villager (Male) |
| 13:53 | Build | Palisade Wall |
| 13:54 | Build | Palisade Wall |
| 13:57 | Create | Scout Cavalry |
| 13:58 | Create | Scout Cavalry |
| 13:58 | Create | Scout Cavalry |
| 13:59 | Create | Villager (Male) |
| 14:19 | Build | House |
| 14:21 | Build | House |
| 14:22 | Build | House |
| 14:25 | Create | Villager (Male) |
| 14:38 | Build | Mining Camp |
| 14:45 | Create | Villager (Male) |
| 14:57 | Research | Horse Collar |
| 15:18 | Create | Scout Cavalry |
| 15:23 | Build | Farm |
| 15:25 | Build | Farm |
| 15:26 | Create | Villager (Male) |
| 15:29 | Build | Farm |
| 15:36 | Create | Scout Cavalry |
| 15:48 | Create | Scout Cavalry |
| 15:50 | Create | Villager (Male) |
| 15:54 | Build | Farm |
| 15:56 | Build | Farm |
| 15:58 | Build | Farm |
| 16:06 | Create | Villager (Male) |
| 16:39 | Create | Villager (Male) |
| 16:44 | Build | Farm |
| 16:46 | Build | Farm |
| 17:06 | Create | Villager (Male) |
| 17:11 | Build | Farm |
| 17:18 | Build | Mill |
| 17:20 | Create | Villager (Male) |
| 18:01 | Create | Villager (Male) |
| 18:08 | Build | Blacksmith |
| 18:10 | Build | Palisade Wall |
| 18:23 | Create | Villager (Male) |
| 18:57 | Build | House |
| 19:10 | Build | Palisade Wall |
| 19:10 | Create | Villager (Male) |
| 19:30 | Build | Mining Camp |
| 19:37 | Create | Villager (Male) |
| 19:54 | Build | Palisade Wall |
| 20:00 | Build | Palisade Wall |
| 20:08 | Research | Castle Age |
| 20:56 | Build | Palisade Gate |
| 21:18 | Create | Villager (Male) |
| 21:20 | Research | Wheelbarrow |
| 21:35 | Build | Outpost |
| 21:37 | Research | Town Watch |
| 21:39 | Research | Wheelbarrow |
| 21:58 | Build | Palisade Wall |
| 22:48 | Age | Castle Age |
| 22:59 | Build | Castle |
| 24:35 | Create | Villager (Male) |
| 24:37 | Create | Villager (Male) |
| 24:52 | Research | Fletching |
| 24:53 | Create | Villager (Male) |
| 25:08 | Build | Siege Workshop |
| 25:12 | Create | Villager (Male) |
| 25:19 | Create | Villager (Male) |
| 25:31 | Build | Mill |
| 25:31 | Create | Villager (Male) |
| 25:41 | Create | Serjeant |
| 25:42 | Create | Serjeant |
| 25:42 | Create | Serjeant |
| 25:42 | Create | Serjeant |
| 25:43 | Create | Serjeant |
| 25:54 | Create | Villager (Male) |
| 26:05 | Create | Mangonel |
| 26:17 | Build | Outpost |
| 26:44 | Create | Serjeant |
| 27:14 | Build | Mining Camp |
| 27:14 | Create | Villager (Male) ×5 |
| 27:19 | Research | Scale Mail Armor |
| 27:22 | Create | Mangonel |
| 27:25 | Create | Battering Ram |
| 27:29 | Create | Villager (Male) |
| 27:46 | Create | Serjeant |
| 27:47 | Create | Serjeant |
| 28:24 | Create | Battering Ram |
| 29:14 | Create | Battering Ram |
| 29:36 | Create | Serjeant |
| 29:37 | Create | Battering Ram |
| 29:38 | Create | Serjeant |
| 29:38 | Create | Serjeant |
| 29:52 | Create | Villager (Male) |
| 29:56 | Create | Villager (Male) |
| 30:01 | Create | Serjeant |
| 30:01 | Create | Serjeant |
| 30:02 | Create | Serjeant |
| 30:11 | Create | Serjeant |
| 30:20 | Build | Town Center |
| 30:34 | Create | Serjeant |
| 30:47 | Create | Serjeant |
| 30:56 | Research | Forging |
| 31:26 | Create | Serjeant |
| 31:27 | Create | Serjeant |
| 31:40 | Create | Serjeant |
| 31:40 | Create | Serjeant |
| 31:46 | Create | Villager (Male) |
| 31:53 | Build | Town Center |
| 32:10 | Create | Serjeant |
| 32:11 | Create | Serjeant |
| 32:34 | Create | Villager (Male) |
| 32:43 | Build | Archery Range |
| 32:46 | Build | Archery Range |
| 32:50 | Build | Archery Range |
| 32:51 | Create | Villager (Male) |
| 33:20 | Research | Chain Mail Armor |
| 33:20 | Research | Chain Mail Armor |
| 33:31 | Build | Town Center |
| 33:37 | Build | Town Center |
Build order — TabA_ClémieDaQueen
First 150 of 1685 actions detected
| 1:45 | Build | Town Center |
| 2:09 | Build | House |
| 2:11 | Build | House |
| 3:18 | Create | Villager (Male) |
| 3:19 | Create | Villager (Male) |
| 3:19 | Create | Villager (Male) |
| 3:19 | Create | Villager (Male) |
| 3:20 | Create | Villager (Male) |
| 4:17 | Build | House |
| 4:25 | Create | Villager (Male) |
| 4:53 | Build | Lumber Camp |
| 4:54 | Create | Villager (Male) |
| 5:29 | Create | Villager (Male) |
| 5:29 | Create | Villager (Male) |
| 6:07 | Research | Loom |
| 6:15 | Create | Villager (Male) |
| 6:40 | Create | Villager (Male) |
| 6:40 | Create | Villager (Male) |
| 6:40 | Create | Villager (Male) |
| 7:08 | Build | House |
| 7:43 | Create | Villager (Male) |
| 8:02 | Create | Villager (Male) |
| 8:03 | Create | Villager (Male) |
| 8:03 | Create | Villager (Male) |
| 8:30 | Build | Barracks |
| 8:34 | Create | Villager (Male) |
| 9:11 | Create | Villager (Male) |
| 9:11 | Create | Villager (Male) |
| 9:12 | Create | Villager (Male) |
| 9:14 | Create | Villager (Male) |
| 9:34 | Create | Villager (Male) |
| 9:34 | Create | Villager (Male) |
| 9:44 | Build | Mining Camp |
| 10:52 | Create | Villager (Male) |
| 11:44 | Research | Feudal Age |
| 12:35 | Build | House |
| 12:45 | Build | House |
| 12:48 | Build | Palisade Wall |
| 12:48 | Build | Palisade Wall |
| 13:12 | Build | Palisade Wall |
| 13:16 | Build | House |
| 13:18 | Build | Palisade Wall |
| 13:20 | Build | Palisade Wall |
| 13:23 | Build | Palisade Wall |
| 13:34 | Create | Villager (Male) |
| 13:54 | Age | Feudal Age |
| 13:58 | Build | Archery Range |
| 14:00 | Build | Blacksmith |
| 14:04 | Build | Palisade Wall |
| 14:06 | Create | Villager (Male) |
| 14:11 | Research | Double-Bit Axe |
| 14:27 | Build | Archery Range |
| 14:37 | Build | House |
| 14:39 | Build | Palisade Wall |
| 14:41 | Create | Skirmisher |
| 14:45 | Create | Archer |
| 14:45 | Create | Archer |
| 15:12 | Create | Archer |
| 15:28 | Create | Archer |
| 15:36 | Build | Palisade Wall |
| 15:44 | Create | Archer ×4 |
| 15:45 | Create | Villager (Male) |
| 15:45 | Create | Villager (Male) |
| 16:05 | Build | Watch Tower |
| 16:10 | Create | Villager (Male) |
| 16:33 | Create | Villager (Male) |
| 16:38 | Build | House |
| 16:51 | Create | Villager (Male) |
| 16:55 | Build | House |
| 17:06 | Build | House |
| 17:07 | Build | House |
| 17:43 | Create | Archer ×3 |
| 17:44 | Create | Villager (Male) |
| 17:56 | Create | Villager (Male) |
| 18:08 | Build | House |
| 18:26 | Build | Mill |
| 18:28 | Create | Villager (Male) |
| 18:30 | Create | Archer ×2 |
| 18:47 | Research | Fletching |
| 18:49 | Create | Villager (Male) |
| 18:52 | Build | House |
| 19:02 | Create | Villager (Male) |
| 19:16 | Create | Villager (Male) |
| 19:30 | Build | House |
| 19:44 | Create | Villager (Male) |
| 19:47 | Research | Gold Mining |
| 20:11 | Build | House |
| 20:12 | Build | House |
| 20:48 | Research | Horse Collar |
| 20:57 | Create | Villager (Male) |
| 20:57 | Create | Villager (Male) |
| 21:06 | Build | Farm |
| 21:07 | Build | Farm |
| 21:08 | Build | Farm |
| 21:09 | Build | Farm |
| 21:10 | Build | Farm |
| 21:11 | Build | Farm |
| 21:13 | Build | Farm |
| 21:37 | Build | Farm |
| 21:38 | Create | Villager (Male) |
| 21:38 | Create | Villager (Male) |
| 22:00 | Build | Market |
| 22:19 | Build | Farm |
| 22:26 | Build | Mill |
| 22:31 | Build | Mill |
| 22:32 | Create | Villager (Male) |
| 22:55 | Create | Villager (Male) |
| 23:07 | Build | Farm |
| 23:19 | Create | Villager (Male) |
| 23:30 | Build | House |
| 23:39 | Build | Farm |
| 23:50 | Create | Villager (Male) |
| 24:10 | Build | Farm |
| 24:13 | Create | Villager (Male) |
| 24:36 | Research | Castle Age |
| 24:49 | Research | Stone Mining |
| 24:58 | Build | House |
| 25:15 | Research | Padded Archer Armor |
| 25:20 | Build | Stable |
| 25:52 | Build | Farm |
| 25:57 | Build | Farm |
| 26:48 | Create | Villager (Male) |
| 26:51 | Research | Bloodlines |
| 27:22 | Age | Castle Age |
| 27:25 | Create | Unit 1952 ×3 |
| 27:27 | Create | Villager (Male) |
| 27:50 | Build | Siege Workshop |
| 27:54 | Create | Unit 1952 |
| 27:55 | Create | Villager (Male) |
| 27:55 | Create | Villager (Male) |
| 27:55 | Create | Villager (Male) |
| 27:57 | Research | Husbandry |
| 28:20 | Research | Bow Saw |
| 28:35 | Build | House |
| 28:35 | Build | House |
| 28:36 | Build | House |
| 28:36 | Build | House |
| 28:36 | Build | House |
| 29:02 | Create | Villager (Male) |
| 29:02 | Create | Villager (Male) |
| 29:04 | Create | Unit 1952 |
| 29:17 | Create | Unit 1952 |
| 29:33 | Create | Villager (Male) |
| 29:49 | Build | Castle |
| 30:03 | Create | Unit 1952 ×2 |
| 30:05 | Create | Villager (Male) |
| 30:22 | Create | Villager (Male) |
| 30:22 | Create | Villager (Male) |
| 30:37 | Build | Town Center |
| 31:06 | Build | Farm |
Build order — 天線小號
First 150 of 1177 actions detected
| 0:13 | Build | Town Center |
| 0:26 | Build | Lumber Camp |
| 0:27 | Build | House |
| 2:33 | Create | Villager (Male) |
| 2:33 | Create | Villager (Male) |
| 2:34 | Create | Villager (Male) |
| 2:34 | Create | Villager (Male) |
| 2:34 | Create | Villager (Male) |
| 2:45 | Create | Villager (Male) |
| 2:45 | Create | Villager (Male) |
| 3:10 | Research | Loom |
| 3:13 | Create | Villager (Male) |
| 3:13 | Create | Villager (Male) |
| 3:47 | Create | Villager (Male) |
| 4:20 | Build | House |
| 4:33 | Create | Villager (Male) |
| 5:16 | Create | Villager (Male) |
| 5:16 | Create | Villager (Male) |
| 6:08 | Create | Villager (Male) |
| 6:08 | Create | Villager (Male) |
| 6:37 | Build | Mill |
| 6:45 | Build | Lumber Camp |
| 6:50 | Build | Palisade Wall |
| 6:52 | Create | Villager (Male) |
| 6:52 | Create | Villager (Male) |
| 6:52 | Create | Villager (Male) |
| 7:22 | Create | Villager (Male) |
| 7:22 | Create | Villager (Male) |
| 7:28 | Build | House |
| 8:06 | Create | Villager (Male) |
| 8:06 | Create | Villager (Male) |
| 8:32 | Create | Villager (Male) |
| 8:32 | Create | Villager (Male) |
| 8:39 | Build | Barracks |
| 8:47 | Create | Villager (Male) |
| 8:47 | Create | Villager (Male) |
| 9:39 | Build | Mining Camp |
| 9:53 | Create | Villager (Male) |
| 10:59 | Research | Feudal Age |
| 10:59 | Research | Feudal Age |
| 11:24 | Build | Mill |
| 11:39 | Create | Militia |
| 11:39 | Create | Militia |
| 12:02 | Build | House |
| 12:04 | Build | Palisade Wall |
| 12:07 | Create | Militia |
| 12:07 | Create | Militia |
| 12:10 | Build | House |
| 12:26 | Create | Villager (Male) |
| 12:31 | Build | House |
| 12:45 | Build | Palisade Wall |
| 13:09 | Age | Feudal Age |
| 13:12 | Research | Town Watch |
| 13:21 | Research | Man-at-Arms (upgrade) |
| 13:21 | Research | Man-at-Arms (upgrade) |
| 13:27 | Create | Militia |
| 13:30 | Create | Villager (Male) |
| 13:40 | Build | House |
| 13:48 | Create | Militia |
| 13:53 | Create | Villager (Male) |
| 14:20 | Create | Militia |
| 14:21 | Create | Villager (Male) |
| 14:31 | Create | Villager (Male) |
| 14:46 | Create | Militia |
| 14:48 | Create | Villager (Male) |
| 15:05 | Create | Villager (Male) |
| 15:13 | Create | Militia |
| 15:26 | Build | Blacksmith |
| 15:53 | Create | Villager (Male) |
| 16:07 | Create | Spearman |
| 16:17 | Build | House |
| 16:19 | Research | Town Watch |
| 16:19 | Research | Town Watch |
| 16:48 | Create | Villager (Male) |
| 16:56 | Build | House |
| 17:00 | Research | Scale Mail Armor |
| 17:00 | Research | Scale Mail Armor |
| 17:03 | Build | House |
| 17:12 | Create | Militia |
| 17:12 | Create | Militia |
| 17:16 | Build | Mill |
| 17:27 | Create | Villager (Male) |
| 17:27 | Create | Villager (Male) |
| 17:41 | Research | Forging |
| 17:41 | Research | Forging |
| 17:52 | Build | Mill |
| 18:08 | Create | Villager (Male) |
| 18:10 | Build | Farm |
| 18:11 | Build | Farm |
| 18:14 | Build | Farm |
| 18:16 | Build | Farm |
| 18:24 | Build | House |
| 18:27 | Create | Militia |
| 18:28 | Create | Militia |
| 18:32 | Build | Farm |
| 18:35 | Create | Villager (Male) |
| 18:45 | Create | Villager (Male) |
| 19:15 | Research | Double-Bit Axe |
| 19:15 | Research | Double-Bit Axe |
| 19:34 | Create | Villager (Male) |
| 19:37 | Create | Villager (Male) |
| 20:03 | Build | House |
| 20:08 | Build | House |
| 20:31 | Create | Villager (Male) |
| 20:31 | Create | Villager (Male) |
| 20:53 | Build | Palisade Wall |
| 21:00 | Create | Villager (Male) |
| 22:17 | Create | Villager (Male) |
| 22:19 | Build | Farm |
| 22:20 | Build | Farm |
| 22:38 | Build | Farm |
| 22:42 | Build | Palisade Wall |
| 23:05 | Build | Archery Range |
| 23:14 | Create | Villager (Male) |
| 23:24 | Build | House |
| 23:47 | Research | Castle Age |
| 23:47 | Research | Castle Age |
| 23:47 | Research | Castle Age |
| 23:58 | Build | Archery Range |
| 24:37 | Build | Palisade Gate |
| 24:39 | Build | House |
| 25:08 | Research | Gold Mining |
| 25:08 | Research | Gold Mining |
| 25:10 | Research | Fletching |
| 25:10 | Research | Fletching |
| 25:34 | Create | Villager (Male) |
| 25:56 | Research | Horse Collar |
| 25:56 | Research | Horse Collar |
| 26:04 | Build | Mill |
| 26:09 | Research | Padded Archer Armor |
| 26:09 | Research | Padded Archer Armor |
| 26:27 | Age | Castle Age |
| 26:30 | Create | Cavalry Archer |
| 26:30 | Create | Cavalry Archer |
| 26:30 | Create | Cavalry Archer |
| 26:31 | Create | Cavalry Archer |
| 26:46 | Build | Farm |
| 26:54 | Create | Villager (Male) |
| 27:00 | Build | Market |
| 27:05 | Create | Villager (Male) |
| 27:07 | Create | Cavalry Archer |
| 27:07 | Create | Cavalry Archer |
| 27:22 | Build | Farm |
| 27:28 | Create | Archer |
| 27:31 | Create | Archer |
| 27:36 | Create | Cavalry Archer |
| 27:36 | Create | Cavalry Archer |
| 27:41 | Create | Cavalry Archer |
| 27:42 | Create | Cavalry Archer |
| 27:58 | Create | Villager (Male) |
Build order — bad-playah
First 150 of 1891 actions detected
| 0:18 | Build | Town Center |
| 2:49 | Create | Villager (Male) |
| 2:50 | Create | Villager (Male) |
| 2:50 | Create | Villager (Male) |
| 2:50 | Create | Villager (Male) |
| 2:59 | Build | House |
| 3:21 | Research | Loom |
| 3:23 | Create | Villager (Male) |
| 3:24 | Create | Villager (Male) |
| 3:51 | Create | Villager (Male) |
| 4:55 | Create | Villager (Male) |
| 4:55 | Create | Villager (Male) |
| 5:12 | Build | Lumber Camp |
| 5:33 | Create | Villager (Male) |
| 5:33 | Create | Villager (Male) |
| 6:02 | Build | House |
| 6:05 | Build | Palisade Wall |
| 6:31 | Create | Villager (Male) |
| 6:31 | Create | Villager (Male) |
| 7:03 | Create | Villager (Male) |
| 7:03 | Create | Villager (Male) |
| 7:03 | Create | Villager (Male) |
| 7:27 | Build | House |
| 7:45 | Create | Villager (Male) |
| 7:45 | Create | Villager (Male) |
| 8:09 | Create | Villager (Male) |
| 8:09 | Create | Villager (Male) |
| 8:14 | Create | Villager (Male) |
| 8:38 | Build | House |
| 8:42 | Build | Palisade Wall |
| 8:57 | Create | Villager (Male) |
| 8:59 | Build | Mining Camp |
| 9:52 | Create | Villager (Male) |
| 9:59 | Build | Palisade Wall |
| 10:02 | Build | House |
| 10:29 | Research | Feudal Age |
| 10:30 | Research | Feudal Age |
| 10:40 | Build | Barracks |
| 11:20 | Build | Palisade Wall |
| 12:02 | Create | Villager (Male) |
| 12:39 | Age | Feudal Age |
| 12:42 | Create | Spearman |
| 12:49 | Build | Archery Range |
| 12:54 | Create | Villager (Male) |
| 13:06 | Build | House |
| 13:11 | Create | Villager (Male) |
| 13:21 | Create | Skirmisher |
| 13:25 | Create | Villager (Male) |
| 13:34 | Create | Villager (Male) |
| 13:39 | Create | Villager (Male) |
| 13:43 | Build | Dock |
| 13:45 | Create | Villager (Male) |
| 13:49 | Research | Double-Bit Axe |
| 13:49 | Research | Double-Bit Axe |
| 13:50 | Create | Villager (Male) |
| 13:54 | Create | Skirmisher |
| 13:57 | Create | Villager (Male) |
| 14:18 | Create | Villager (Male) |
| 14:21 | Create | Fishing Ship |
| 14:27 | Build | House |
| 14:29 | Create | Villager (Male) |
| 14:30 | Create | Skirmisher |
| 14:34 | Create | Villager (Male) |
| 14:50 | Build | Blacksmith |
| 15:04 | Create | Villager (Male) |
| 15:18 | Create | Skirmisher |
| 15:26 | Create | Villager (Male) |
| 15:35 | Create | Villager (Male) |
| 15:35 | Create | Villager (Male) |
| 15:37 | Build | House |
| 15:42 | Build | House |
| 15:44 | Build | House |
| 16:08 | Research | Fletching |
| 16:23 | Create | Fishing Ship |
| 16:24 | Create | Fishing Ship |
| 16:32 | Create | Villager (Male) |
| 16:43 | Create | Villager (Male) |
| 16:55 | Create | Skirmisher |
| 17:12 | Create | Spearman |
| 17:15 | Create | Fishing Ship |
| 17:19 | Create | Villager (Male) |
| 17:40 | Create | Skirmisher |
| 17:40 | Create | Skirmisher |
| 17:40 | Create | Skirmisher |
| 18:01 | Create | Skirmisher |
| 18:12 | Research | Padded Archer Armor |
| 18:14 | Create | Villager (Male) |
| 18:19 | Create | Fishing Ship |
| 18:22 | Build | Dock |
| 18:25 | Create | Villager (Male) |
| 18:26 | Create | Villager (Male) |
| 18:29 | Build | House |
| 18:30 | Build | House |
| 18:39 | Create | Fishing Ship |
| 18:48 | Build | Fish Trap |
| 18:51 | Create | Villager (Male) |
| 19:03 | Create | Fishing Ship |
| 19:03 | Create | Fishing Ship |
| 19:08 | Create | Villager (Male) |
| 19:16 | Create | Villager (Male) |
| 19:19 | Create | Villager (Male) |
| 19:19 | Create | Villager (Male) |
| 19:26 | Create | Villager (Male) |
| 19:39 | Build | Mill |
| 19:41 | Create | Skirmisher |
| 19:52 | Create | Fishing Ship |
| 19:53 | Create | Fishing Ship |
| 19:59 | Research | Tech 906 |
| 20:13 | Build | House |
| 20:28 | Create | Fishing Ship |
| 20:34 | Build | Fish Trap |
| 20:40 | Create | Villager (Male) |
| 20:56 | Create | Skirmisher |
| 21:25 | Create | Villager (Male) |
| 21:42 | Create | Villager (Male) |
| 21:42 | Create | Villager (Male) |
| 21:44 | Build | House |
| 21:44 | Build | House |
| 21:45 | Build | House |
| 21:51 | Create | Skirmisher |
| 21:52 | Create | Skirmisher |
| 21:54 | Create | Archer |
| 22:15 | Create | Fishing Ship |
| 22:15 | Create | Fishing Ship |
| 22:28 | Create | Villager (Male) |
| 22:29 | Create | Villager (Male) |
| 22:31 | Build | Market |
| 22:46 | Create | Skirmisher |
| 22:46 | Create | Skirmisher |
| 22:55 | Create | Spearman |
| 23:08 | Create | Villager (Male) |
| 23:17 | Create | Skirmisher |
| 23:17 | Create | Skirmisher |
| 23:26 | Create | Fishing Ship |
| 23:27 | Create | Fishing Ship |
| 23:35 | Build | Fish Trap |
| 23:56 | Build | Fish Trap |
| 24:02 | Build | Fish Trap |
| 24:06 | Research | Castle Age |
| 24:07 | Research | Castle Age |
| 24:37 | Build | Fish Trap |
| 24:43 | Research | Horse Collar |
| 24:51 | Create | Fishing Ship |
| 24:52 | Create | Fishing Ship |
| 24:58 | Build | Fish Trap |
| 25:19 | Create | Villager (Male) |
| 25:24 | Build | Fish Trap |
| 25:26 | Create | Skirmisher |
| 25:27 | Create | Skirmisher |
| 25:31 | Create | Villager (Male) |
Build order — Panchi
First 150 of 1563 actions detected
| 0:10 | Build | Town Center |
| 1:41 | Build | House |
| 2:14 | Create | Villager (Male) |
| 2:15 | Create | Villager (Male) |
| 2:15 | Create | Villager (Male) |
| 2:15 | Create | Villager (Male) |
| 2:15 | Create | Villager (Male) |
| 2:32 | Research | Loom |
| 2:32 | Create | Villager (Male) |
| 2:34 | Create | Villager (Male) |
| 2:34 | Create | Villager (Male) |
| 3:03 | Build | House |
| 3:43 | Build | Lumber Camp |
| 3:44 | Create | Villager (Male) |
| 3:44 | Create | Villager (Male) |
| 4:25 | Create | Villager (Male) |
| 4:25 | Create | Villager (Male) |
| 5:05 | Create | Villager (Male) |
| 5:05 | Create | Villager (Male) |
| 5:05 | Create | Villager (Male) |
| 5:50 | Create | Villager (Male) |
| 5:51 | Create | Villager (Male) |
| 5:51 | Create | Villager (Male) |
| 6:12 | Create | Villager (Male) |
| 6:12 | Create | Villager (Male) |
| 6:12 | Create | Villager (Male) |
| 6:19 | Create | Villager (Male) |
| 6:19 | Create | Villager (Male) |
| 6:20 | Create | Villager (Male) |
| 6:25 | Build | House |
| 6:27 | Build | House |
| 7:21 | Create | Villager (Male) |
| 7:22 | Create | Villager (Male) |
| 7:22 | Create | Villager (Male) |
| 7:49 | Create | Villager (Male) |
| 8:03 | Build | Mill |
| 8:08 | Create | Villager (Male) |
| 8:29 | Create | Villager (Male) |
| 9:02 | Build | Palisade Wall |
| 9:30 | Create | Villager (Male) |
| 9:47 | Create | Villager (Male) |
| 10:02 | Build | Mining Camp |
| 10:08 | Build | House |
| 10:10 | Build | House |
| 10:18 | Research | Feudal Age |
| 10:45 | Build | House |
| 10:56 | Build | Palisade Wall |
| 10:57 | Build | Palisade Wall |
| 11:03 | Build | Palisade Wall |
| 12:05 | Create | Villager (Male) |
| 12:05 | Create | Villager (Male) |
| 12:44 | Age | Feudal Age |
| 12:48 | Build | Market |
| 13:01 | Build | Blacksmith |
| 13:47 | Research | Castle Age |
| 14:26 | Research | Double-Bit Axe |
| 16:15 | Create | Villager (Male) |
| 16:15 | Create | Villager (Male) |
| 16:27 | Age | Castle Age |
| 16:34 | Build | Town Center |
| 16:39 | Create | Villager (Male) |
| 16:45 | Build | House |
| 16:54 | Build | Town Center |
| 17:01 | Build | Palisade Wall |
| 17:04 | Create | Villager (Male) |
| 17:05 | Create | Villager (Male) |
| 17:16 | Build | Farm |
| 17:17 | Build | Farm |
| 17:27 | Research | Bow Saw |
| 17:37 | Create | Villager (Male) |
| 17:37 | Create | Villager (Male) |
| 18:07 | Build | Farm |
| 18:12 | Build | Farm |
| 18:21 | Build | Farm |
| 18:31 | Build | Farm |
| 18:46 | Build | Farm |
| 19:07 | Build | Barracks |
| 19:09 | Create | Villager (Male) |
| 19:09 | Create | Villager (Male) |
| 19:09 | Create | Villager (Male) |
| 19:18 | Build | Farm |
| 19:18 | Build | Farm |
| 19:18 | Build | Farm |
| 19:21 | Create | Villager (Male) |
| 19:36 | Create | Villager (Male) |
| 19:41 | Build | Farm |
| 19:57 | Build | Farm |
| 20:02 | Create | Villager (Male) |
| 20:02 | Create | Villager (Male) |
| 20:08 | Create | Spearman |
| 20:08 | Create | Spearman |
| 20:09 | Create | Spearman |
| 20:14 | Build | Farm |
| 20:27 | Build | Farm |
| 20:27 | Build | Farm |
| 20:32 | Build | Farm |
| 20:33 | Create | Villager (Male) |
| 20:33 | Create | Villager (Male) |
| 20:34 | Create | Villager (Male) |
| 20:43 | Create | Spearman |
| 20:55 | Create | Spearman |
| 21:07 | Create | Villager (Male) |
| 21:07 | Create | Villager (Male) |
| 21:07 | Create | Villager (Male) |
| 21:26 | Create | Villager (Male) |
| 21:26 | Create | Villager (Male) |
| 21:37 | Build | Farm |
| 21:44 | Build | Town Center |
| 21:48 | Create | Villager (Male) |
| 21:48 | Create | Villager (Male) |
| 21:48 | Create | Villager (Male) |
| 22:02 | Build | Outpost |
| 22:05 | Create | Villager (Male) |
| 22:05 | Create | Villager (Male) |
| 22:05 | Create | Villager (Male) |
| 22:21 | Create | Villager (Male) |
| 22:21 | Create | Villager (Male) |
| 22:21 | Create | Villager (Male) |
| 22:29 | Build | Siege Workshop |
| 22:37 | Create | Spearman |
| 22:37 | Create | Spearman |
| 22:44 | Create | Villager (Male) |
| 22:44 | Create | Villager (Male) |
| 22:44 | Create | Villager (Male) |
| 22:44 | Create | Villager (Male) |
| 22:58 | Create | Villager (Male) |
| 22:58 | Create | Villager (Male) |
| 23:08 | Build | House |
| 23:09 | Build | House |
| 23:10 | Build | House |
| 23:10 | Build | House |
| 23:12 | Create | Iron Pagoda |
| 23:21 | Build | House |
| 23:24 | Build | House |
| 23:34 | Create | Scorpion |
| 23:44 | Build | Watch Tower |
| 23:53 | Create | Spearman |
| 24:34 | Create | Battering Ram |
| 24:35 | Create | Battering Ram |
| 24:39 | Research | Wheelbarrow |
| 24:39 | Create | Villager (Male) |
| 24:39 | Create | Villager (Male) |
| 24:39 | Create | Villager (Male) |
| 24:50 | Create | Villager (Male) |
| 24:50 | Create | Villager (Male) |
| 25:01 | Create | Villager (Male) |
| 25:02 | Create | Villager (Male) |
| 25:35 | Create | Villager (Male) |
| 25:36 | Create | Villager (Male) |
| 25:36 | Create | Villager (Male) |
Match timeline
| 6:05 | bad-playah · wall_segment Palisade Wall x1 |
| 6:50 | 天線小號 · wall_segment Palisade Wall x1 |
| 8:30 | TabA_ClémieDaQueen · first_building Barracks |
| 8:33 | ОТВАЛ huKM · first_building Barracks |
| 8:39 | 天線小號 · first_building Barracks |
| 8:42 | bad-playah · wall_segment Palisade Wall x4 |
| 9:02 | Panchi · wall_segment Palisade Wall x8 |
| 9:59 | bad-playah · wall_segment Palisade Wall x1 |
| 10:40 | bad-playah · first_building Barracks |
| 10:56 | Panchi · wall_segment Palisade Wall x1 |
| 10:57 | Panchi · wall_segment Palisade Wall x1 |
| 11:01 | EXILE | Ivanistico · first_building Barracks |
| 11:03 | Panchi · wall_segment Palisade Wall x1 |
| 11:20 | bad-playah · wall_segment Palisade Wall x9 |
| 11:33 | ОТВАЛ huKM · age_up feudal |
| 12:02 | ОТВАЛ huKM · first_building Archery Range |
| 12:04 | 天線小號 · wall_segment Palisade Wall x1 |
| 12:06 | Jesus Omega · first_building Barracks |
| 12:07 | EXILE | Ivanistico · wall_segment Palisade Wall x6 |
| 12:18 | ОТВАЛ huKM · wall_segment Palisade Wall x4 |
| 12:39 | bad-playah · age_up feudal |
| 12:44 | Panchi · age_up feudal |
| 12:45 | 天線小號 · wall_segment Palisade Wall x1 |
| 12:46 | ОТВАЛ huKM · wall_segment Palisade Wall x1 |
| 12:48 | EXILE | Ivanistico · wall_segment Palisade Wall x4 |
| 12:48 | TabA_ClémieDaQueen · wall_segment Palisade Wall x1 |
| 12:48 | ОТВАЛ huKM · wall_segment Palisade Wall x1 |
| 12:48 | TabA_ClémieDaQueen · wall_segment Palisade Wall x1 |
| 12:49 | bad-playah · first_building Archery Range |
| 12:55 | EXILE | Ivanistico · age_up feudal |
| 12:56 | EXILE | Ivanistico · first_building Stable |
| 13:06 | Jesus Omega · wall_segment Palisade Wall x4 |
| 13:09 | 天線小號 · age_up feudal |
| 13:12 | TabA_ClémieDaQueen · wall_segment Palisade Wall x1 |
| 13:18 | TabA_ClémieDaQueen · wall_segment Palisade Wall x1 |
| 13:20 | TabA_ClémieDaQueen · wall_segment Palisade Wall x1 |
| 13:22 | EXILE | Ivanistico · wall_segment Palisade Wall x6 |
| 13:23 | TabA_ClémieDaQueen · wall_segment Palisade Wall x1 |
| 13:43 | bad-playah · first_building Dock |
| 13:53 | EXILE | Ivanistico · wall_segment Palisade Wall x5 |
| 13:54 | EXILE | Ivanistico · wall_segment Palisade Wall x1 |
| 13:54 | TabA_ClémieDaQueen · age_up feudal |
| 13:58 | TabA_ClémieDaQueen · first_building Archery Range |
| 14:04 | TabA_ClémieDaQueen · wall_segment Palisade Wall x1 |
| 14:16 | Jesus Omega · age_up feudal |
| 14:29 | Jesus Omega · first_building Stable |
| 14:29 | SimmaHem7912 · first_building Barracks |
| 14:39 | TabA_ClémieDaQueen · wall_segment Palisade Wall x2 |
| 15:25 | SimmaHem7912 · first_building Stable |
| 15:26 | Jesus Omega · wall_segment Palisade Wall x1 |
| 15:30 | Jesus Omega · wall_segment Palisade Wall x12 |
| 15:36 | TabA_ClémieDaQueen · wall_segment Palisade Wall x1 |
| 15:59 | Jesus Omega · wall_segment Palisade Wall x16 |
| 16:27 | Panchi · age_up castle |
| 17:01 | Panchi · wall_segment Palisade Wall x1 |
| 17:37 | SimmaHem7912 · first_building Siege Workshop |
| 17:51 | Jesus Omega · age_up castle |
| 18:10 | EXILE | Ivanistico · wall_segment Palisade Wall x8 |
| 19:07 | Panchi · first_building Barracks |
| 19:10 | EXILE | Ivanistico · wall_segment Palisade Wall x5 |
| 19:54 | EXILE | Ivanistico · wall_segment Palisade Wall x1 |
| 20:00 | EXILE | Ivanistico · wall_segment Palisade Wall x10 |
| 20:53 | 天線小號 · wall_segment Palisade Wall x1 |
| 20:56 | Jesus Omega · first_building Siege Workshop |
| 21:58 | EXILE | Ivanistico · wall_segment Palisade Wall x1 |
| 22:29 | Panchi · first_building Siege Workshop |
| 22:42 | 天線小號 · wall_segment Palisade Wall x1 |
| 22:48 | EXILE | Ivanistico · age_up castle |
| 22:59 | EXILE | Ivanistico · first_building Castle |
| 23:05 | 天線小號 · first_building Archery Range |
| 24:32 | Jesus Omega · first_building Monastery |
| 24:33 | TabA_ClémieDaQueen · first_market_sell 100 wood |
| 24:34 | TabA_ClémieDaQueen · first_market_buy 100 food |
| 25:08 | EXILE | Ivanistico · first_building Siege Workshop |
| 25:20 | TabA_ClémieDaQueen · first_building Stable |
| 25:24 | ОТВАЛ huKM · first_market_buy 100 food |
| 25:49 | Panchi · first_market_sell 100 wood |
| 26:27 | 天線小號 · age_up castle |
| 26:36 | ОТВАЛ huKM · first_building Stable |
| 26:46 | ОТВАЛ huKM · first_market_sell 100 stone |
| 26:46 | bad-playah · age_up castle |
| 26:52 | bad-playah · first_building Siege Workshop |
| 27:22 | TabA_ClémieDaQueen · age_up castle |
| 27:35 | bad-playah · first_market_buy 100 food |
| 27:43 | Panchi · first_market_buy 100 stone |
| 27:50 | TabA_ClémieDaQueen · first_building Siege Workshop |
| 28:16 | Panchi · first_building Castle |
| 28:41 | 天線小號 · first_market_sell 100 food |
| 29:06 | ОТВАЛ huKM · age_up castle |
| 29:49 | TabA_ClémieDaQueen · first_building Castle |
| 30:45 | 天線小號 · first_building Monastery |
| 30:58 | SimmaHem7912 · first_building Castle |
| 31:20 | SimmaHem7912 · first_building Archery Range |
| 31:53 | bad-playah · first_building Stable |
| 32:02 | TabA_ClémieDaQueen · first_building Monastery |
| 32:43 | EXILE | Ivanistico · first_building Archery Range |
| 33:13 | Jesus Omega · first_market_sell 500 wood |
| 33:23 | SimmaHem7912 · first_market_sell 100 wood |
| 33:40 | bad-playah · first_market_sell 500 wood |
| 33:46 | bad-playah · age_up imperial |
| 33:50 | SimmaHem7912 · first_building Monastery |
| 33:55 | EXILE | Ivanistico · first_building Monastery |
| 34:31 | Jesus Omega · first_building Castle |
| 34:59 | 天線小號 · first_building Stable |
| 36:40 | Jesus Omega · age_up imperial |
| 37:39 | 天線小號 · wall_segment Palisade Wall x1 |
| 37:50 | EXILE | Ivanistico · first_building Donjon |
| 39:47 | TabA_ClémieDaQueen · wall_segment Stone Wall x1 |
| 40:33 | 天線小號 · first_building Castle |
| 41:24 | 天線小號 · age_up imperial |
| 45:54 | 天線小號 · first_building Siege Workshop |
| 47:56 | SimmaHem7912 · first_market_buy 500 wood |
| 48:06 | bad-playah · tribute_sent a jugador 1 |
| 48:06 | bad-playah · tribute_sent a jugador 2 |
| 48:06 | bad-playah · tribute_sent a jugador 3 |
| 48:06 | bad-playah · tribute_sent a jugador 4 |
| 48:06 | bad-playah · tribute_sent a jugador 5 |
| 48:06 | bad-playah · tribute_sent a jugador 7 |
| 48:06 | bad-playah · tribute_sent a jugador 8 |
| 48:10 | Panchi · first_building Archery Range |
| 48:32 | EXILE | Ivanistico · age_up imperial |
| 50:19 | bad-playah · first_building Castle |
| 54:08 | TabA_ClémieDaQueen · age_up imperial |
| 56:22 | Jesus Omega · first_market_buy 100 wood |
| 57:31 | Panchi · wall_segment Stone Wall x14 |
| 57:53 | 天線小號 · wall_segment Stone Wall x1 |
| 58:43 | Panchi · age_up imperial |
| 62:49 | Panchi · wall_segment Stone Wall x1 |
| 62:51 | Panchi · wall_segment Stone Wall x14 |
| 62:56 | Panchi · wall_segment Stone Wall x14 |
| 63:11 | 天線小號 · first_market_buy 100 stone |
| 63:42 | Panchi · wall_segment Stone Wall x18 |
| 63:48 | Panchi · wall_segment Stone Wall x22 |
| 63:55 | Panchi · wall_segment Stone Wall x22 |
| 64:13 | ОТВАЛ huKM · first_building Monastery |
| 64:50 | Jesus Omega · first_building Archery Range |
| 65:47 | EXILE | Ivanistico · first_market_sell 500 wood |
| 66:56 | bad-playah · first_building Monastery |
| 68:50 | ОТВАЛ huKM · age_up imperial |
| 69:38 | Panchi · wall_segment Stone Wall x12 |
| 70:36 | bad-playah · tribute_sent a jugador 1 |
| 70:36 | bad-playah · tribute_sent a jugador 2 |
| 70:36 | bad-playah · tribute_sent a jugador 3 |
| 70:36 | bad-playah · tribute_sent a jugador 4 |
| 70:36 | bad-playah · tribute_sent a jugador 5 |
| 70:36 | bad-playah · tribute_sent a jugador 7 |
| 70:36 | bad-playah · tribute_sent a jugador 8 |
| 73:32 | Panchi · wall_segment Stone Wall x5 |
| 74:17 | ОТВАЛ huKM · tribute_sent a jugador 1 |
| 74:17 | ОТВАЛ huKM · tribute_sent a jugador 2 |
| 74:17 | ОТВАЛ huKM · tribute_sent a jugador 3 |
| 74:17 | ОТВАЛ huKM · tribute_sent a jugador 4 |
| 74:17 | ОТВАЛ huKM · tribute_sent a jugador 5 |
| 74:17 | ОТВАЛ huKM · tribute_sent a jugador 6 |
| 74:17 | ОТВАЛ huKM · tribute_sent a jugador 8 |
| 74:18 | Panchi · wall_segment Stone Wall x6 |
| 74:35 | ОТВАЛ huKM · tribute_sent a jugador 1 |
| 74:35 | ОТВАЛ huKM · tribute_sent a jugador 2 |
| 74:35 | ОТВАЛ huKM · tribute_sent a jugador 3 |
| 74:35 | ОТВАЛ huKM · tribute_sent a jugador 4 |
| 74:35 | ОТВАЛ huKM · tribute_sent a jugador 5 |
| 74:35 | ОТВАЛ huKM · tribute_sent a jugador 6 |
| 74:35 | ОТВАЛ huKM · tribute_sent a jugador 8 |
| 75:02 | ОТВАЛ huKM · tribute_sent a jugador 1 |
| 75:02 | ОТВАЛ huKM · tribute_sent a jugador 2 |
| 75:02 | ОТВАЛ huKM · tribute_sent a jugador 3 |
| 75:02 | ОТВАЛ huKM · tribute_sent a jugador 4 |
| 75:02 | ОТВАЛ huKM · tribute_sent a jugador 5 |
| 75:02 | ОТВАЛ huKM · tribute_sent a jugador 6 |
| 75:02 | ОТВАЛ huKM · tribute_sent a jugador 8 |
| 76:00 | ОТВАЛ huKM · tribute_sent a jugador 1 |
| 76:00 | ОТВАЛ huKM · tribute_sent a jugador 2 |
| 76:00 | ОТВАЛ huKM · tribute_sent a jugador 3 |
| 76:00 | ОТВАЛ huKM · tribute_sent a jugador 4 |
| 76:00 | ОТВАЛ huKM · tribute_sent a jugador 5 |
| 76:00 | ОТВАЛ huKM · tribute_sent a jugador 6 |
| 76:00 | ОТВАЛ huKM · tribute_sent a jugador 8 |
| 77:17 | Panchi · tribute_sent a jugador 1 |
| 77:17 | Panchi · tribute_sent a jugador 2 |
| 77:17 | Panchi · tribute_sent a jugador 3 |
| 77:17 | Panchi · tribute_sent a jugador 4 |
| 77:17 | Panchi · tribute_sent a jugador 5 |
| 77:17 | Panchi · tribute_sent a jugador 6 |
| 77:17 | Panchi · tribute_sent a jugador 7 |
| 83:21 | TabA_ClémieDaQueen · wall_segment Stone Wall x2 |
| 83:31 | TabA_ClémieDaQueen · wall_segment Stone Wall x2 |
| 83:56 | TabA_ClémieDaQueen · wall_segment Stone Wall x1 |
| 84:04 | TabA_ClémieDaQueen · wall_segment Stone Wall x2 |
| 84:09 | TabA_ClémieDaQueen · wall_segment Palisade Wall x1 |
| 85:17 | Panchi · wall_segment Stone Wall x3 |
| 85:23 | Panchi · wall_segment Stone Wall x8 |
| 87:38 | Panchi · wall_segment Stone Wall x4 |
| 87:41 | Panchi · wall_segment Stone Wall x12 |
| 87:46 | SimmaHem7912 · wall_segment Stone Wall x21 |
| 88:48 | Panchi · wall_segment Stone Wall x29 |
| 89:55 | TabA_ClémieDaQueen · wall_segment Stone Wall x1 |
| 91:10 | ОТВАЛ huKM · tribute_sent a jugador 1 |
| 91:10 | ОТВАЛ huKM · tribute_sent a jugador 2 |
| 91:10 | ОТВАЛ huKM · tribute_sent a jugador 3 |
| 91:10 | ОТВАЛ huKM · tribute_sent a jugador 4 |
| 91:10 | ОТВАЛ huKM · tribute_sent a jugador 5 |
| 91:10 | ОТВАЛ huKM · tribute_sent a jugador 6 |
| 91:10 | ОТВАЛ huKM · tribute_sent a jugador 8 |
| 91:58 | Panchi · first_building Stable |
| 92:27 | TabA_ClémieDaQueen · wall_segment Stone Wall x9 |
| 92:31 | TabA_ClémieDaQueen · wall_segment Stone Wall x14 |
| 92:48 | TabA_ClémieDaQueen · wall_segment Palisade Wall x5 |
| 93:19 | SimmaHem7912 · wall_segment Stone Wall x15 |
| 97:21 | Panchi · wall_segment Stone Wall x9 |
| 98:35 | ОТВАЛ huKM · tribute_sent a jugador 1 |
| 98:35 | ОТВАЛ huKM · tribute_sent a jugador 2 |
| 98:35 | ОТВАЛ huKM · tribute_sent a jugador 3 |
| 98:35 | ОТВАЛ huKM · tribute_sent a jugador 4 |
| 98:35 | ОТВАЛ huKM · tribute_sent a jugador 5 |
| 98:35 | ОТВАЛ huKM · tribute_sent a jugador 6 |
| 98:35 | ОТВАЛ huKM · tribute_sent a jugador 8 |
| 104:29 | Panchi · wall_segment Stone Wall x14 |
| 104:52 | EXILE | Ivanistico · first_market_buy 100 stone |
| 109:46 | EXILE | Ivanistico · wall_segment Stone Wall x1 |
| 109:48 | EXILE | Ivanistico · wall_segment Stone Wall x1 |
| 114:15 | ОТВАЛ huKM · tribute_sent a jugador 1 |
| 114:15 | ОТВАЛ huKM · tribute_sent a jugador 2 |
| 114:15 | ОТВАЛ huKM · tribute_sent a jugador 3 |
| 114:15 | ОТВАЛ huKM · tribute_sent a jugador 4 |
| 114:15 | ОТВАЛ huKM · tribute_sent a jugador 5 |
| 114:15 | ОТВАЛ huKM · tribute_sent a jugador 6 |
| 114:15 | ОТВАЛ huKM · tribute_sent a jugador 8 |
| 114:21 | 天線小號 · tribute_sent a jugador 1 |
| 114:21 | 天線小號 · tribute_sent a jugador 2 |
| 114:21 | 天線小號 · tribute_sent a jugador 3 |
| 114:21 | 天線小號 · tribute_sent a jugador 4 |
| 114:21 | 天線小號 · tribute_sent a jugador 6 |
| 114:21 | 天線小號 · tribute_sent a jugador 7 |
| 114:21 | 天線小號 · tribute_sent a jugador 8 |
| 114:28 | TabA_ClémieDaQueen · wall_segment Palisade Wall x1 |
| 114:36 | 天線小號 · tribute_sent a jugador 1 |
| 114:36 | 天線小號 · tribute_sent a jugador 2 |
| 114:36 | 天線小號 · tribute_sent a jugador 3 |
| 114:36 | 天線小號 · tribute_sent a jugador 4 |
| 114:36 | 天線小號 · tribute_sent a jugador 6 |
| 114:36 | 天線小號 · tribute_sent a jugador 7 |
| 114:36 | 天線小號 · tribute_sent a jugador 8 |
| 115:14 | TabA_ClémieDaQueen · wall_segment Palisade Wall x1 |
| 115:22 | TabA_ClémieDaQueen · wall_segment Palisade Wall x6 |
| 115:23 | TabA_ClémieDaQueen · wall_segment Palisade Wall x4 |
| 115:24 | TabA_ClémieDaQueen · wall_segment Palisade Wall x8 |
| 115:49 | ОТВАЛ huKM · tribute_sent a jugador 1 |
| 115:49 | ОТВАЛ huKM · tribute_sent a jugador 2 |
| 115:49 | ОТВАЛ huKM · tribute_sent a jugador 3 |
| 115:49 | ОТВАЛ huKM · tribute_sent a jugador 4 |
| 115:49 | ОТВАЛ huKM · tribute_sent a jugador 5 |
| 115:49 | ОТВАЛ huKM · tribute_sent a jugador 6 |
| 115:49 | ОТВАЛ huKM · tribute_sent a jugador 8 |
| 116:08 | 天線小號 · tribute_sent a jugador 1 |
| 116:08 | 天線小號 · tribute_sent a jugador 2 |
| 116:08 | 天線小號 · tribute_sent a jugador 3 |
| 116:08 | 天線小號 · tribute_sent a jugador 4 |
| 116:08 | 天線小號 · tribute_sent a jugador 6 |
| 116:08 | 天線小號 · tribute_sent a jugador 7 |
| 116:08 | 天線小號 · tribute_sent a jugador 8 |
| 116:08 | ОТВАЛ huKM · tribute_sent a jugador 1 |
| 116:08 | ОТВАЛ huKM · tribute_sent a jugador 2 |
| 116:08 | ОТВАЛ huKM · tribute_sent a jugador 3 |
| 116:08 | ОТВАЛ huKM · tribute_sent a jugador 4 |
| 116:08 | ОТВАЛ huKM · tribute_sent a jugador 5 |
| 116:08 | ОТВАЛ huKM · tribute_sent a jugador 6 |
| 116:08 | ОТВАЛ huKM · tribute_sent a jugador 8 |
| 116:41 | 天線小號 · tribute_sent a jugador 1 |
| 116:41 | 天線小號 · tribute_sent a jugador 2 |
| 116:41 | 天線小號 · tribute_sent a jugador 3 |
| 116:41 | 天線小號 · tribute_sent a jugador 4 |
| 116:41 | 天線小號 · tribute_sent a jugador 6 |
| 116:41 | 天線小號 · tribute_sent a jugador 7 |
| 116:41 | 天線小號 · tribute_sent a jugador 8 |
| 119:03 | EXILE | Ivanistico · tribute_sent a jugador 1 |
| 119:03 | EXILE | Ivanistico · tribute_sent a jugador 2 |
| 119:03 | EXILE | Ivanistico · tribute_sent a jugador 4 |
| 119:03 | EXILE | Ivanistico · tribute_sent a jugador 5 |
| 119:03 | EXILE | Ivanistico · tribute_sent a jugador 6 |
| 119:03 | EXILE | Ivanistico · tribute_sent a jugador 7 |
| 119:03 | EXILE | Ivanistico · tribute_sent a jugador 8 |
| 123:49 | 天線小號 · tribute_sent a jugador 1 |
| 123:49 | 天線小號 · tribute_sent a jugador 2 |
| 123:49 | 天線小號 · tribute_sent a jugador 3 |
| 123:49 | 天線小號 · tribute_sent a jugador 4 |
| 123:49 | 天線小號 · tribute_sent a jugador 6 |
| 123:49 | 天線小號 · tribute_sent a jugador 7 |
| 123:49 | 天線小號 · tribute_sent a jugador 8 |
| 123:52 | EXILE | Ivanistico · tribute_sent a jugador 1 |
| 123:52 | EXILE | Ivanistico · tribute_sent a jugador 2 |
| 123:52 | EXILE | Ivanistico · tribute_sent a jugador 4 |
| 123:52 | EXILE | Ivanistico · tribute_sent a jugador 5 |
| 123:52 | EXILE | Ivanistico · tribute_sent a jugador 6 |
| 123:52 | EXILE | Ivanistico · tribute_sent a jugador 7 |
| 123:52 | EXILE | Ivanistico · tribute_sent a jugador 8 |
| 123:56 | SimmaHem7912 · tribute_sent a jugador 2 |
| 123:56 | SimmaHem7912 · tribute_sent a jugador 3 |
| 123:56 | SimmaHem7912 · tribute_sent a jugador 4 |
| 123:56 | SimmaHem7912 · tribute_sent a jugador 5 |
| 123:56 | SimmaHem7912 · tribute_sent a jugador 6 |
| 123:56 | SimmaHem7912 · tribute_sent a jugador 7 |
| 123:56 | SimmaHem7912 · tribute_sent a jugador 8 |
| 125:10 | Jesus Omega · resign |
[ AI ANALYSIS · 1 CREDIT ]
What really happened in this match?
Wolo.gg analyzes every decision: build order, eco, micro, common mistakes by bracket. Personalized analysis on WhatsApp or Discord in 30 seconds.
Civ guide
Mongols
Perfil
Jugador #2293834